 Dungeon Crawl Stone Soup version 0.32-a0-576-g706899e69d (webtiles) character file.

Game seed: 9277477212588289760

7646 CougarLife the Geomancer (level 11, -8/54 HPs)
             Began as a Gargoyle Earth Elementalist on Mar 1, 2024.
             Shot with an arrow by a centaur warrior (19 damage)
             ... on level 9 of the Dungeon.
             The game lasted 00:08:27 (8478 turns).

CougarLife the Geomancer (GrEE)                     Turns: 8478, Time: 00:08:28

Health: -8/54      AC: 15    Str: 12    XL:     11   Next: 18%
Magic:  20/23      EV: 11    Int: 20    God:
Gold:   519        SH:  0    Dex: 10    Spells: 22/26 levels left

rFire   . . .        g - staff of conjuration
rCold   . . .        (no shield)
rNeg    + . .        a - +0 robe
rPois   ∞            n - +2 helmet
rElec   +            f - +0 cloak
rCorr   +            h - +0 pair of gloves
SInv    .            (no boots)
Will    .....        (no amulet)
Stlth   ++           b - ring of resist corrosion
HPRegen 0.29/turn    (no ring)
MPRegen 0.18/turn

%: no passive effects
@: no status effects
A: sickness immunity, AC +8, negative energy resistance 1, electricity
resistance, torment resistance 1, petrification resistance
a: no special abilities


You were on level 9 of the Dungeon.
You visited 2 branches of the dungeon, and saw 10 of its levels.

You collected 519 gold pieces.

Inventory:

Missiles
 e - 2 throwing nets
Armour
 a - a +0 robe (worn)
 f - a +0 cloak (worn)
 h - a +0 pair of gloves (worn)
 n - a +2 helmet (worn)
 z - a +0 troll leather armour
Magical Staves
 g - a staff of conjuration (weapon)
Jewellery
 b - a ring of resist corrosion (left hand)
 r - a ring of positive energy
Wands
 i - a wand of digging (5)
 s - a wand of iceblast (9)
 y - a wand of paralysis (26)
 B - a wand of mindburst (15)
Scrolls
 d - a scroll of revelation
 j - 2 scrolls of fog
 k - 8 scrolls of teleportation
 o - a scroll of butterflies
 v - a scroll of poison {unknown}
 w - a scroll of noise
 x - a scroll of vulnerability {unknown}
Potions
 c - a potion of heal wounds
 l - 2 potions of lignification {unknown}
 m - a potion of might {unknown}
 p - a potion of haste {unknown}
 q - 3 potions of brilliance {unknown}
 t - a potion of enlightenment {unknown}
 u - a potion of attraction {unknown}
 A - 2 potions of mutation {unknown}


   Skills:
 - Level 1.5 Dodging
 - Level 2.1 Stealth
 + Level 8.2 Spellcasting
 + Level 9.5 Conjurations
 - Level 1.1 Ice Magic
 + Level 6.5 Air Magic
 + Level 10.9 Earth Magic


You had 22 spell levels left.
You knew the following spells:

 Your Spells              Type           Power      Damage    Failure   Level
a - Sandblast             Erth           100%       2d20      1%          1
b - Stone Arrow           Conj/Erth      100%       3d13      1%          3

Your spell library contained the following spells:

 Spells                   Type           Power      Damage    Failure   Level
 Magic Dart               Conj           100%       1d8       1%          1
 Passwall                 Erth           51%        N/A       1%          3
 Brom's Barrelling Bould  Conj/Erth      65%        2d8       1%          4
 Hailstorm                Conj/Ice       44%        3d9       2%          3
 Iskenderun's Battlesphe  Conj           62%        2d11      4%          5
 Petrify                  Alch/Erth      30%        N/A       9%          4
 Flame Wave               Conj/Fire      41%        2d11      12%         4
 Blink                    Tloc           16%        N/A       13%         2
 Call Imp                 Summ           16%        N/A       13%         2
 Ozocubu's Armour         Ice            12%        N/A       16%         3
 Summon Ice Beast         Ice/Summ       10%        N/A       21%         3
 Gell's Gravitas          Tloc           8%         N/A       26%         3
 Inner Flame              Hex/Fire       8%         N/A       26%         3
 Teleport Other           Tloc           8%         N/A       26%         3
 Fireball                 Conj/Fire      20%        3d10      32%         5
 Conjure Ball Lightning   Conj/Air       28%        3x3d8     43%         6
 Sticky Flame             Fire/Alch      8%         2d4       63%         4
 Orb of Destruction       Conj           31%        9d10      80%         7
 Metabolic Englaciation   Hex/Ice        5%         N/A       88%         5
 Dispersal                Tloc           4%         N/A       100%        6
 Sculpt Simulacrum        Ice/Alch       5%         N/A       100%        6


Dungeon Overview and Level Annotations

Branches:
Dungeon (9/15)             Temple (1/1) D:5            Lair (0/5) D:8
    Orc (0/2) D:9

Altars:
Ashenzari
Dithmenos
Elyvilon
Fedhas
Gozag
Makhleb
Nemelex Xobeh
Okawaru
Qazlal
Ru
Sif Muna
Trog
Uskayaw
Wu Jian
Xom
Zin
The Shining One

Shops:
D:1 (


Innate Abilities, Weirdness & Mutations

You are immune to sickness and miasma.
Your stone body is resilient. (AC +8)
You are immune to poison.
You resist negative energy. (rN+)
You are resistant to electric shocks. (rElec)
You are resistant to unholy torment.
You are immune to petrification.


Message History

The seven-headed hydra misses you.
The seven-headed hydra bites you but does no damage.
Casting: Stone Arrow (safe; 1% risk of failure)
Confirm with . or Enter, or press ? or * to list all spells.
Aiming: Stone Arrow (safe; 1% risk of failure)
Press: ? - help, Shift-Dir - straight line, f/p - seven-headed hydra
Aim: a seven-headed hydra (almost dead, 92% to hit)
You feel a surge of power!
The stone arrow hits the seven-headed hydra!!
You kill the seven-headed hydra!
Unknown command.
You start resting.
HP restored.
You start resting.
Magic restored.
A centaur warrior comes into view.
It is wielding a +4 lajatang of speed and wearing the amulet "Danuovor" {Faith Harm rElec rPois Slay+2}.
Casting: Stone Arrow (safe; 1% risk of failure)
Confirm with . or Enter, or press ? or * to list all spells.
Aiming: Stone Arrow (safe; 1% risk of failure)
Press: ? - help, Shift-Dir - straight line, f - centaur warrior
Aim: a centaur warrior, wielding a +4 lajatang of speed and wearing the amulet "Danuovor" {Faith Harm rElec rPois Slay+2} (wandering, hasn't noticed you, 84% to hit)
You feel a surge of power!
The stone arrow hits the centaur warrior!!
The centaur warrior is heavily wounded.
The centaur warrior shouts!
You hear a horrible gurgling sound!
The centaur warrior unwields a +4 lajatang of speed.
The centaur warrior wields a +0 orcbow.
The centaur warrior shoots an arrow.
The arrow hits you!!
Ouch! That really hurt!
The centaur warrior shoots an arrow.
The arrow barely misses you.
The centaur warrior shoots an arrow.
The arrow hits you!
* * * LOW HITPOINT WARNING * * *
You hear a horrible gurgling sound!
Unknown command.
Casting: Stone Arrow (safe; 1% risk of failure)
Confirm with . or Enter, or press ? or * to list all spells.
You can't see any susceptible monsters within range! (Use Z to cast anyway.) Unknown command.
The centaur warrior shoots an arrow.
The arrow hits you!
You die...

....._. ... ...⌠.⌠ ## .
#.... .. #...# ... #...#
.... #...# ..... #...#
.#.c..#...##############
.......@..........<.....
...##..........[..>.....
#...#.#..###########
......#.#[.#
#....#...#..#
........###..#######
###########.........
...................
........[..........


You could see a centaur warrior.

Vanquished Creatures
  A hydra (D:9)
  Amaemon (D:8)
  An orange demon (D:8)
  A kobold demonologist (D:9)
  A rime drake (D:8)
  A troll (D:7)
  A hornet (D:8)
  4 yaks
  A wyvern (D:8)
  3 steam dragons
  Duvessa (D:7)
  2 water moccasins (D:6)
  8 ice beasts
  4 wolves (D:8)
  2 centaurs (D:8)
  2 phantoms
  2 kobold brigands (D:6)
  5 bullfrogs
  4 scorpions
  4 wights (D:9)
  Dowan (D:7)
  8 killer bees
  3 howler monkeys
  A bombardier beetle (D:6)
  7 hounds
  A jelly (D:5)
  7 orc priests
  Jessica (D:2)
  A sleepcap (D:5)
  3 iguanas
  10 orc wizards
  Robin (D:2)
  6 gnolls
  6 adders
  A shadow imp (D:7)
  2 dart slugs
  A ribbon worm (D:2)
  31 orcs
  6 ball pythons
  6 bats
  6 endoplasms
  2 giant cockroaches (D:3)
  9 hobgoblins
  4 jackals (D:5)
  3 quokkas
  4 frilled lizards
  16 goblins
  9 kobolds
  3 rats
208 creatures vanquished.

Notes
Turn   | Place    | Note
-------+----------+-------------------------------------------
     0 | D:1      | CougarLife the Gargoyle Earth Elementalist began the quest
                  | for the Orb.
     0 | D:1      | Reached XP level 1. HP: 10/10 MP: 3/3
   226 | D:1      | Reached XP level 2. HP: 15/15 MP: 0/5
   378 | D:1      | Found Azoatzal's Antique Weapon Boutique.
   726 | D:2      | Reached skill level 4 in Earth Magic
   994 | D:2      | Noticed Jessica
  1002 | D:2      | Killed Jessica
  1003 | D:2      | Reached XP level 3. HP: 19/19 MP: 1/7
  1082 | D:2      | Noticed Robin
  1177 | D:2      | Killed Robin
  1178 | D:2      | Reached XP level 4. HP: 3/24 MP: 4/8
  1911 | D:2      | Learned a level 3 spell: Stone Arrow
  2198 | D:3      | Found a faded altar of an unknown god.
  2208 | D:3      | Reached XP level 5. HP: 28/28 MP: 5/9
  2519 | D:3      | Reached skill level 5 in Earth Magic
  2941 | D:3      | Found a glowing silver altar of Zin.
  2941 | D:3      | Found an opulent altar of Gozag.
  2989 | D:3      | Found a burning altar of Makhleb.
  3193 | D:4      | Found a blossoming altar of Fedhas.
  3509 | D:4      | Noticed a phantom
  3515 | D:4      | Killed a phantom
  3516 | D:4      | Reached XP level 6. HP: 28/32 MP: 5/11
  3815 | D:5      | Entered Level 5 of the Dungeon
  3817 | D:5      | Found a staircase to the Ecumenical Temple.
  3823 | Temple   | Entered the Ecumenical Temple
  3830 | D:5      | Reached skill level 1 in Ice Magic
  4201 | D:5      | Reached XP level 7. HP: 36/36 MP: 10/13
  4231 | D:5      | Reached skill level 1 in Air Magic
  4325 | D:5      | Reached skill level 6 in Earth Magic
  4924 | D:6      | Reached skill level 5 in Conjurations
  4924 | D:6      | Reached XP level 8. HP: 32/41 MP: 6/15
  4962 | D:6      | Reached skill level 5 in Spellcasting
  4962 | D:6      | Reached skill level 7 in Earth Magic
  5391 | D:6      | Found a bloodstained altar of Trog.
  5405 | D:6      | Reached XP level 9. HP: 29/45 MP: 10/17
  5752 | D:6      | Reached skill level 8 in Earth Magic
  5995 | D:7      | Noticed a troll
  5998 | D:7      | Killed a troll
  6238 | D:7      | Noticed Duvessa
  6241 | D:7      | Noticed Dowan
  6244 | D:7      | Killed Duvessa
  6246 | D:7      | Killed Dowan
  6305 | D:7      | Found a shimmering blue altar of Sif Muna.
  6890 | D:8      | Reached skill level 9 in Earth Magic
  6976 | D:8      | Found an ornate altar of the Wu Jian Council.
  7043 | D:8      | Noticed a hornet
  7068 | D:8      | Reached XP level 10. HP: 38/50 MP: 16/20
  7082 | D:8      | Reached skill level 5 in Air Magic
  7430 | D:8      | Found a staircase to the Lair.
  7552 | D:8      | Noticed Amaemon
  7554 | D:8      | Noticed an orange demon
  7566 | D:8      | Killed Amaemon
  7567 | D:8      | Reached skill level 10 in Earth Magic
  7583 | D:8      | Killed an orange demon
  7965 | D:9      | Found a staircase to the Orcish Mines.
  7981 | D:9      | Noticed a kobold demonologist
  7986 | D:9      | Killed a kobold demonologist
  8077 | D:9      | Reached XP level 11. HP: 54/54 MP: 1/23
  8348 | D:9      | Found a shadowy altar of Dithmenos.
  8361 | D:9      | Found a sparkling altar of Nemelex Xobeh.
  8363 | D:9      | Noticed a seven-headed hydra
  8381 | D:9      | Killed a seven-headed hydra
  8474 | D:9      | Identified the amulet "Danuovor" {Faith Harm rElec rPois
                  | Slay+2}
  8474 | D:9      | Noticed a centaur warrior
  8478 | D:9      | Shot with an arrow by a centaur warrior

Illustrated notes

Levels and vault maps discovered:
D:1:      minmay_arrival_radiant_lines, layout_rooms, serial_shops,
          nicolae_diamond_shop, minivault_11
D:2:      layout_loops_corners, kennysheep_generic_room_10, uniq_robin,
          uniq_jessica
D:3:      layout_loops_ring, grunt_temple_overflow_gold_and_silver,
          mainiacjoe_overflow_alcove_2, shapermc_ecumenical_altar_totnotflames,
          minmay_misc_feat_tiny, wander_ebering_terrifying_dragon_lair
D:4:      layout_cave_pools, fedhas_altar_1
D:5:      layout_loops_ring, minmay_temple_entry_hall
D:6:      layout_cave_pools, trog_three_pillars_becter, wad_rectangle_vault
D:7:      layout_basic, led_sif_book, uniq_duvessa
D:8:      layout_gridville, nicolae_wu_jian_wuxing_cycle,
          hellmonk_lair_entry_icy, serial_park_tiny_2, uniq_amaemon
D:9:      minmay_cut_squares, layout_long_grid,
          nemelex_xobeh_ov_fountains_minmay, nzn_hepliaklqana_mist_gate,
          grunt_dithmenos_smoke, orc_0_dummy, uniq_erolcha
Temple:   nicolae_temple_two_arcs

Skill      XL: |  1  2  3  4  5  6  7  8  9 10 |
---------------+-------------------------------+-----
Earth Magic    | 4 5 6 7 9 10 | 10.9
Conjurations   | 2 3 4 5 6 7 9 |  9.5
Spellcasting   | 3 4 5 6 8 |  8.2
Ice Magic      | 1 |  1.1
Air Magic      | 2 3 4 6 |  6.5
Dodging        | |  1.5
Stealth        | |  2.1

Action                     |  1- 3 |  4- 6 |  7- 9 | 10-12 || total
---------------------------+-------+-------+-------+-------++-------
  Melee: Unarmed           |     2 |       |       |       ||     2
         Staff             |    20 |    14 |     7 |    15 ||    56
   Cast: Sandblast         |    43 |   101 |   154 |    30 ||   328
         Stone Arrow       |       |       |    10 |    47 ||    57
    Use: Scroll            |       |       |     7 |       ||     7
         Potion            |       |       |       |     3 ||     3
 Armour: Robe              |    42 |    56 |   111 |    78 ||   287
  Dodge: Dodged            |    57 |    59 |    74 |    61 ||   251

Table legend: (Time is in decaauts)
 A = Elapsed time spent in this place.
 B = Non-inter-level travel time spent in this place.
 C = Inter-level travel time spent in this place.
 D = Time resting spent in this place.
 E = Time spent auto-exploring this place.
 F = Levels seen in this place.
 G = Mean time per level.
                   A        B        C        D        E       F      G
               +--------+--------+--------+--------+--------+-----+--------+
         Total |   8654 |   8468 |    186 |   1512 |   5596 |  10 |  865.4 |
       Dungeon |   8652 |   8466 |    186 |   1512 |   5596 |   9 |  961.3 |
        Temple |      1 |      1 |      0 |      0 |      0 |   1 |    1.0 |
               +--------+--------+--------+--------+--------+-----+--------+

Top non-repeatable levels by time:
     D:8: 1374 daAuts
     D:2: 1298 daAuts
     D:3: 1169 daAuts
     D:6: 1114 daAuts
     D:5: 1058 daAuts
     D:7: 895 daAuts
     D:4: 802 daAuts
     D:1: 677 daAuts
     D:9: 263 daAuts
  Temple: 1 daAuts
